 Dungeon Crawl Stone Soup version 0.13-a0-2527-g93fcdc4 (webtiles) character file.

135 Kae the Firebug (level 4, 0/24 HPs)
             Began as a Tengu Fire Elementalist on July 25, 2013.
             Succumbed to a kobold's poison
             ... on Level 3 of the Dungeon.
             The game lasted 00:03:13 (2185 turns).

Kae the Firebug (Tengu Fire Elementalist)           Turns: 2185, Time: 00:03:13

HP   0/24        AC  2     Str  9      XL: 4   Next: 48%
MP   7/8         EV 12     Int 16      God:
Gold 50          SH  0     Dex 14      Spells:  2 memorised,  2 levels left

Res.Fire  : . . .   See Invis. : .   d - +2,+0 elf dagger
Res.Cold  : . . .   Warding    : .   a - +0 robe
Life Prot.: . . .   Conserve   : .   (no shield)
Res.Poison: .       Res.Corr.  : .   (helmet restricted)
Res.Elec. : .       Clarity    : .   (no cloak)
Sust.Abil.: . .     Spirit.Shd : .   (no gloves)
Res.Mut.  : .       Stasis     : .   (boots unavailable)
Res.Rott. : .       Flight     : .   (no amulet)
Saprovore : . . .                    (no ring)
                                     (no ring)

@: very poisoned, slightly resistant to hostile enchantments, fairly stealthy
A: beak, talons 3
a: no special abilities


You were on level 3 of the Dungeon.
You were not hungry.

You visited 1 branch of the dungeon, and saw 3 of its levels.

You collected 30 gold pieces.

Inventory:

Hand weapons
 d - a +2,+0 elven dagger (weapon)
Armour
 a - a +0 robe (worn)
Comestibles
 c - a bread ration
 q - 3 rotting chunks of gnoll flesh
 r - 2 chunks of gnoll flesh
Scrolls
 e - 5 scrolls of teleportation {unknown}
 h - 2 scrolls of identify {unknown}
 j - 3 scrolls of remove curse {unknown}
 k - 2 scrolls of recharging {unknown}
 p - a scroll of enchant weapon I {unknown}
Jewellery
 l - an uncursed amulet of resist corrosion {unknown}
 m - an uncursed ring of protection from fire {unknown}
Potions
 f - a potion of resistance {unknown}
 g - a potion of confusion {unknown}
 i - a potion of flight {unknown}
 n - a potion of magic {unknown}
 o - a potion of degeneration {unknown}
Books
 b - a book of Flames

   Spells                             Type                      Level
   *Flame Tongue                      Conjuration/Fire             1
   *Throw Flame                       Conjuration/Fire             2
   Conjure Flame                      Conjuration/Fire             3
   Inner Flame                        Hexes/Fire                   3
   Sticky Flame                       Conjuration/Fire             4
   Fireball                           Conjuration/Fire             5


   Skills:
 - Level 2.1 Dodging
 - Level 2.0 Stealth
 - Level 1.0 Spellcasting
 + Level 4.2 Conjurations
 * Level 4.4 Fire Magic


You had 2 spell levels left.
You knew the following spells:

 Your Spells              Type           Power        Failure   Level  Hunger
a - Flame Tongue          Conj/Fire      ##...        4%          1    ##.....
b - Throw Flame           Conj/Fire      ##....       8%          2    ###....


Dungeon Overview and Level Annotations

Branches:
Dungeon (3/27)

Altars:


Innate Abilities, Weirdness & Mutations

You have a beak for a mouth.
You have claws for feet.


Message History

You start resting.
You feel sick.
You start resting.
You feel sick.
You start resting.
You feel sick.
You start resting.
You feel sick.
You start resting.
You feel very sick.
You start resting.
You feel sick.
You start resting.
You feel sick.
You start resting.
You feel sick.
You start resting.
* * * LOW HITPOINT WARNING * * *
You feel sick.
You start resting.
* * * LOW HITPOINT WARNING * * *
You feel very sick.
You start resting.
* * * LOW HITPOINT WARNING * * *
You feel very sick.
You start resting.
You die...

...................
###.##.##...<......
..
#.#.##............. #
.##.............##...
#..........#......#
..
###.#..............#
.......#....##..#..#
#.)....(..#..#..#
#...@#.%..#..#..#
#....(....#..#..#
#............. ..
##........####. #
............. .
#.##...#.......
....####### ##.#.#
.....


There were no monsters in sight!

Vanquished Creatures
  4 gnolls
  A worm (D:2)
  3 giant geckos
  An ooze (D:1)
  2 giant cockroaches (D:1)
  4 hobgoblins
  A quokka (D:2)
  3 bats
  5 giant newts
  3 goblins
  A hobgoblin zombie (D:3)
  6 kobolds
  3 rats (D:2)
37 creatures vanquished.

Notes
Turn   | Place    | Note
--------------------------------------------------------------
     0 | D:1      | Kae, the Tengu Fire Elementalist, began the quest for the Orb.
     0 | D:1      | Reached XP level 1. HP: 10/10 MP: 3/3
   139 | D:1      | Reached XP level 2. HP: 15/15 MP: 5/5
   153 | D:1      | Learned a level 2 spell: Throw Flame
   835 | D:2      | Reached XP level 3. HP: 19/19 MP: 4/6
  1784 | D:2      | Reached skill level 4 in Fire Magic
  1952 | D:3      | Reached XP level 4. HP: 15/24 MP: 4/8
  2185 | D:3      | Succumbed to a kobold's poison

Action                   |  1- 3 |  4- 6 || total
-------------------------+-------+-------++-------
Melee: Dagger            |    33 |       ||    33
       Unarmed           |     2 |       ||     2
 Cast: Flame Tongue      |    56 |     9 ||    65
 Stab: Sleeping          |     2 |       ||     2
